 Dungeon Crawl Stone Soup version 0.24-a0-201-gf2055891f0 (webtiles) character file.

Game seed: 3871785990653111561

187 MrRokkomies the Slinger (level 5, -2/51 HPs)
             Began as a Halfling Hunter on Mar 23, 2019.
             Was an Initiate of Ashenzari.
             Engulfed by a cloud of flame (8 damage)
             ... on level 2 of the Dungeon.
             The game lasted 00:04:53 (1174 turns).

MrRokkomies the Slinger (Halfling Hunter)           Turns: 1174, Time: 00:04:54

Health: -2/51      AC: 22    Str: 14    XL:     5   Next: 99%
Magic:  5/5        EV:  3    Int: 14    God:    Ashenzari [......]
Gold:   62         SH:  0    Dex: 20    Spells: 4/4 levels left

rFire    + . .     SeeInvis .   a - +1 hunting sling
rCold    + . .     Gourm    .   (shield restricted)
rNeg     + + +     Faith    .   (armour currently unavailable)
rPois    +         Spirit   .   (helmet currently unavailable)
rElec    +         Reflect  .   (cloak currently unavailable)
rCorr    +         Harm     .   (gloves currently unavailable)
MR       .....     NoTele   +   (boots currently unavailable)
Stlth    +++.......             (no amulet)
HPRegen  0.17/turn              (no ring)
MPRegen  0.09/turn              (no ring)

@: brilliant, agile, tree-form, resistant
A: small, mutation resistance 1
a: Curse Item, Renounce Religion


You were on level 2 of the Dungeon.
You worshipped Ashenzari.
Ashenzari was noncommittal.
You were hungry.
You were a tree.
You visited 1 branch of the dungeon, and saw 2 of its levels.

You collected 62 gold pieces.

Inventory:

Hand Weapons
 a - a +1 hunting sling (weapon)
 b - a +2 dagger of venom
Missiles
 d - 16 sling bullets (quivered)
 e - 39 stones
Armour
 h - a +0 helmet (melded)
 o - a +2 robe of magic resistance (melded)
Scrolls
 m - 3 scrolls of identify {unknown}
Potions
 g - 2 potions of agility
Comestibles
 f - 6 rations


   Skills:
 - Level 1.7 Fighting
 * Level 8.0 Slings
 * Level 4.6 Dodging
 - Level 1.1 Stealth


You had 4 spell levels left.
You didn't know any spells.
Your spell library was empty.

Dungeon Overview and Level Annotations

Branches:
Dungeon (2/15)

Altars:
Ashenzari


Innate Abilities, Weirdness & Mutations

You are small and have problems with some larger weapons.
You are somewhat resistant to further mutation.


Message History

The fiery explosion engulfs you but does no damage.
Your Slings skill increases to level 8!
Your Dodging skill increases to level 4!
You have reached level 5!
You feel agile.
You are engulfed in blazing flames.
You resist.
You hear a shout!
As you read the scroll labeled IMPORIHEAVU, it crumbles to dust.
You feel a strange sense of stasis.
It was a scroll of teleportation.
You are engulfed in blazing flames.
You resist.
You cannot move.
You are engulfed in blazing flames.
You resist.
You are engulfed in blazing flames.
You resist.
You are engulfed in blazing flames.
You resist.
You are engulfed in blazing flames.
You resist.
You are engulfed in blazing flames.
You resist.
You are engulfed in blazing flames.
You resist.
* * * LOW HITPOINT WARNING * * *
You are engulfed in blazing flames.
You resist.
You die...

...## ..... ......
......##########
...o.(○)☼.......
.!..(.#§######## ..... #§#
### #(.. #§# #.###########
#7# #...........# #.#
####### ##.#########.# #.#
#.....# .#.#......##.# #.#
#.....# .#.#.####.##.# #.#
#.....# .#.#.#..#.##.# #.#
#.....# .#.#.#..#.##.# #.#
#.....# .#.#.#..#.##.# #(#
#.....#
.#.#.#..#.##.###.###.....#


There were no monsters in sight!

Vanquished Creatures
  An orc warrior (D:2)
  An orc priest (D:2)
  Jessica (D:2)
  An adder (D:2)
  An ooze (D:2)
  3 orcs (D:2)
  2 goblins
  3 hobgoblins
  7 kobolds
  A ball python (D:1)
  4 bats
  2 rats (D:1)
27 creatures vanquished.

Notes
Turn   | Place    | Note
-------+----------+-------------------------------------------
     0 | D:1      | MrRokkomies the Halfling Hunter began the quest for the
                  | Orb.
     0 | D:1      | Reached XP level 1. HP: 14/14 MP: 1/1
    24 | D:1      | Reached skill level 6 in Slings
    61 | D:1      | Reached XP level 2. HP: 19/19 MP: 2/2
   436 | D:1      | Found a shattered altar of Ashenzari.
   729 | D:1      | Became a worshipper of Ashenzari the Shackled
   889 | D:2      | Reached XP level 3. HP: 24/24 MP: 3/3
   959 | D:2      | Noticed Jessica
   964 | D:2      | Killed Jessica
   964 | D:2      | Reached XP level 4. HP: 29/29 MP: 4/4
  1071 | D:2      | Reached skill level 7 in Slings
  1149 | D:2      | Noticed an orc warrior
  1166 | D:2      | Killed an orc warrior
  1166 | D:2      | Reached skill level 8 in Slings
  1166 | D:2      | Reached XP level 5. HP: 34/34 MP: 5/5
  1174 | D:2      | Engulfed by a cloud of flame

Levels and vault maps discovered:
D:1:      dpeg_arrival_oval, layout_loops_ring, ashenzari_altar_1
D:2:      layout_basic, eino_tiny_chamber, uniq_jessica

Skill      XL: |  1  2  3  4 |
---------------+-------------+-----
Slings         | 6 8 |  8.0
Dodging        | 3 4 |  4.6
Fighting       | |  1.7
Stealth        | |  1.1

Action                   |  1- 3 |  4- 6 || total
-------------------------+-------+-------++-------
 Fire: Hunting sling     |    51 |    12 ||    63
  Use: Potion            |       |     5 ||     5
       Scroll            |       |     2 ||     2
Armor: Skin              |       |     6 ||     6
Dodge: Dodged            |     8 |     5 ||    13

Table legend:
 A = Non-vault XP
 B = Vault XP
 C = Vault XP percentage of total XP
 D = Non-vault monster count
 E = Vault monster count
 F = Vault count percentage of total count
                 A         B        C        D         E       F
            +---------+---------+-------+---------+---------+-------
      Total |     231 |      37 |  13.8 |      26 |       1 |   3.7
            +---------+---------+-------+---------+---------+-------
        D:1 |      23 |       0 |   0.0 |      15 |       0 |   0.0
        D:2 |     208 |      37 |  15.1 |      11 |       1 |   8.3
            +---------+---------+-------+---------+---------+-------
